 Dungeon Crawl Stone Soup version 0.16.2-3-ga078185 (webtiles) character file.

58 gorblad the Skirmisher (level 3, -5/30 HPs)
             Began as a Demonspawn Abyssal Knight on Sept 6, 2015.
             Was an Initiate of Makhleb.
             Slain by a large abomination (30 damage)
             ... created by the touch of Lugonu
             ... on level 2 of the Dungeon.
             The game lasted 00:05:16 (1255 turns).

gorblad the Skirmisher (Demonspawn Abyssal Knight)  Turns: 1255, Time: 00:05:16

Health: -5/30      AC: 10    Str: 13    XL:     3   Next: 76%
Magic:  5/5        EV:  3    Int: 13    God:    Makhleb [......]
Gold:   48         SH:  0    Dex: 12    Spells: 0 memorised, 2 levels left

rFire  + . .     SeeInvis .     a - +1 hand axe
rCold  x . .     Clarity  .     o - +0 plate armour
rNeg   . . .     SustAb   .     (no shield)
rPois  .         Gourm    .     (helmet restricted)
rElec  .         Spirit   .     (no cloak)
rCorr  .         Warding  .     (no gloves)
rMut   .         Stasis   .     (no boots)
MR     .....                    (no amulet)
Stlth  ..........               (no ring)
                                j - ring of fire

@: not resistant to hostile enchantments, extremely unstealthy
A: antennae 1, demonic guardian 1
a: Renounce Religion


You were on level 2 of the Dungeon.
You worshipped Makhleb.
Makhleb was noncommittal.
You were not hungry.

You visited 1 branch of the dungeon, and saw 2 of its levels.
You visited the Abyss 1 time.

You collected 48 gold pieces.

Inventory:

Hand weapons
 a - a +1 hand axe (weapon)
Armour
 b - a +0 leather armour
 o - a +0 plate armour (worn)
Jewellery
 j - a ring of fire (left hand)
Scrolls
 d - 2 scrolls of teleportation {unknown}
 g - a scroll of recharging {unknown}
 h - a scroll of amnesia {unknown}
 i - a scroll of random uselessness {unknown}
 p - a scroll of enchant armour {unknown}
 q - a scroll of identify {unknown}
Potions
 e - a potion of curing {unknown}
 f - a potion of brilliance {unknown}
 k - a potion of resistance {unknown}
 m - a potion of haste {unknown}
Comestibles
 c - a bread ration
 l - a royal jelly
 n - 3 fruits
 r - a chunk of flesh


   Skills:
 + Level 3.8 Fighting
 + Level 2.1 Axes
 + Level 2.1 Armour
 + Level 1.1 Dodging
 + Level 3.3 Invocations


You had 2 spell levels left.
You didn't know any spells.

Dungeon Overview and Level Annotations

Branches:
Dungeon (2/15)

Altars:
Makhleb


Innate Abilities, Weirdness & Mutations

You have a pair of small antennae on your head.
A weak demonic guardian rushes to your aid.


Message History

No target in view!
No target in view!
You see here a bat corpse.
You butcher the bat corpse.
r - a chunk of flesh
There is a stone staircase leading up here.
Lugonu's wrath finds you! Space warps around you!
Your surroundings suddenly seem different.
Lugonu sends minions to punish you.
A large abomination comes into view.
Your white imp barely misses the large abomination.
The large abomination hits you.
Your white imp gestures at the large abomination.
The puff of frost hits the large abomination.
You hit the large abomination but do no damage.
The large abomination is lightly damaged.
The large abomination hits you!!
Ouch! That really hurt!
You die...

##.#..........##...# ##.##
#[#>#.#..#.#.##.### #...#
#.#.#......#.##.# #...#
##.#.###..###.##.# #...##
...#..........##.# #.....
.#####.......###.###
######...## .#
#......)#...5.####..........
.#
#..........X................
.#
#.......#.#@#.####..........
.# #.......#.#...#
######...## .#
#.......#.###.# #..... .#
##............# #...## .#
#.##..####.##.# #...# .#
#.#...........# ....# .#
#.#...####.#### ###..#
.######...#####.# ...#
................#


You could see a large abomination and a friendly white imp.

Vanquished Creatures
  A crimson imp (D:2)
  2 giant cockroaches
  4 goblins
  3 hobgoblins
  4 jackals (D:1)
  A ball python (D:2)
  2 bats
  2 giant newts
  A kobold (D:1)
  3 rats
23 creatures vanquished.

Notes
Turn   | Place    | Note
--------------------------------------------------------------
     0 | Abyss:1  | gorblad, the Demonspawn Abyssal Knight, began the quest for the Orb.
     0 | Abyss:1  | Reached XP level 1. HP: 18/18 MP: 1/1
    20 | D:1      | Escaped the Abyss
   181 | D:1      | Reached skill level 1 in Dodging
   181 | D:1      | Gained mutation: You have a pair of small antennae on your head. [demonic ancestry]
   181 | D:1      | Reached XP level 2. HP: 9/24 MP: 2/2
  1010 | D:2      | Found a burning altar of Makhleb.
  1024 | D:2      | Gained mutation: A weak demonic guardian rushes to your aid. [demonic ancestry]
  1024 | D:2      | Reached XP level 3. HP: 25/30 MP: 2/5
  1027 | D:2      | Fell from the grace of Lugonu
  1027 | D:2      | Became a worshipper of Makhleb the Destroyer
  1251 | D:2      | Noticed a large abomination
  1255 | D:2      | Slain by a large abomination

Action                   || total
-------------------------++-------
Melee: Hand axe          ||    74
  Eat: Chunk             ||     1
